 Dungeon Crawl Stone Soup version 0.27-a0-1555-g0e7b3fb1d2 (webtiles) character file.

Game seed: 704932093022819434

719918 kr4n3x the Metallomancer (level 27, -14/181 HPs)
             Began as a Gargoyle Earth Elementalist on July 14, 2021.
             Was the Champion of Vehumet.
             Killed from afar by a Brimstone Fiend (36 damage)
             ... with damnation
             ... on level 7 of Gehenna.
             The game lasted 06:52:11 (105643 turns).

kr4n3x the Metallomancer (GrEE)                   Turns: 105643, Time: 06:52:11

Health: -14/181    AC: 39    Str: 21    XL:     27
Magic:  15/41      EV: 14    Int: 34    God:    Vehumet [******]
Gold:   5047       SH: 17    Dex:  5    Spells: 8/54 levels left

rFire    + + +     SeeInvis +   X - +9 demon whip (spect)
rCold    + . .     Faith    .   r - +4 kite shield of the Lotus Blossom {rElec rN+ Int+4 Dex-3}
rNeg     + + .     Spirit   .   H - quicksilver dragon scales "Racwoeloujo" {Contam Will+ Str+3 Slay+3 Stlth+}
rPois    ∞         Reflect  .   g - +3 crown of Dyrovepreva {rElec Int+2 SInv}
rElec    +         Harm     .   m - scarf {repulsion}
rCorr    .         Rampage  .   x - +2 pair of gloves {Str+3}
Will     +++++                  V - +0 pair of boots "Mesymac" {+Inv rF+}
Stlth    ++........             c - amulet "Oce Den" {RegenMP rC+ Will+ Int+2 Dex-2}
HPRegen  0.40/turn              f - ring of protection from fire
MPRegen  0.52/turn              P - ring "Ineocol" {Fly rPois rF+ Will+++}

@: about to teleport, flying, studying 3 skills, repel missiles
A: sickness immunity, AC +20, big wings, negative energy resistance 1,
electricity resistance, torment resistance 1, petrification resistance, sturdy
frame 2
}: 4/15 runes: decaying, serpentine, slimy, silver
a: Renounce Religion, Evoke Invisibility


You were on level 7 of Gehenna.
You worshipped Vehumet.
Vehumet was exalted by your worship.
You visited 12 branches of the dungeon, and saw 60 of its levels.
You also visited: Bailey, Gauntlet and Desolation.

You collected 8018 gold pieces.
You spent 2971 gold pieces at shops.


Innate Abilities, Weirdness & Mutations

You are immune to sickness and miasma.
Your stone body is resilient. (AC +20)
You are immune to poison.
Your large and strong wings let you fly.
You resist negative energy. (rN+)
You are resistant to electric shocks. (rElec)
You are resistant to unholy torment.
You are immune to petrification.
Your movements are less encumbered by armour. (ER -4)


   Skills:
 + Level 20.8 Fighting
 - Level 11.2(12.0) Maces & Flails
 - Level 6.9(10.0) Staves
 - Level 6.0 Armour
 + Level 16.9 Dodging
 - Level 2.1 Stealth
 - Level 15.5 Shields
 + Level 14.1 Spellcasting
 + Level 19.3 Conjurations
 - Level 11.0 Summonings
 - Level 0.7 Transmutations
 * Level 17.8 Fire Magic
 + Level 26.2 Earth Magic
 + Level 13.8 Evocations


You had 8 spell levels left.
You knew the following spells:

 Your Spells              Type           Power      Damage    Failure   Level
c - Lehudib's Crystal Sp  Conj/Erth      54%        10d13     1%          8
f - Fire Storm            Conj/Fire      50%        8d13      24%         9
l - Lee's Rapid Deconstr  Erth           58%        3d28*     0%          5
s - Spellforged Servitor  Conj/Summ      45%        N/A       1%          7
w - Iron Shot             Conj/Erth      54%        9d10      1%          6
I - Blink                 Tloc           N/A        N/A       2%          2
S - Shatter               Erth           58%        3d43*     1%          9

Your spell library contained the following spells:

 Spells                   Type           Power      Damage    Failure   Level
 Chain Lightning          Conj/Air       37%        3d49      100%        9
 Foxfire                  Conj/Fire      100%       2x1d9     0%          1
 Magic Dart               Conj           100%       1d8       0%          1
 Sandblast                Erth           100%       2d20      0%          1
 Passwall                 Tmut/Erth      71%        N/A       0%          2
 Conjure Flame            Conj/Fire      100%       6-21      0%          3
 Stone Arrow              Conj/Erth      100%       3d13      0%          3
 Sticky Flame             Conj/Fire      100%       2d11      0%          4
 Bolt of Magma            Conj/Fire/Erth 53%        4d21      0%          5
 Iskenderun's Battlesphe  Conj           100%       2d15      0%          5
 Animate Skeleton         Necr           48%        N/A       1%          1
 Apportation              Tloc           48%        N/A       1%          1
 Corona                   Hex            26%        N/A       1%          1
 Freeze                   Ice            96%        1d11      1%          1
 Pain                     Necr           96%        1d8       1%          1
 Shock                    Conj/Air       100%       1d9       1%          1
 Summon Small Mammal      Summ           100%       N/A       1%          1
 Poisonous Vapours        Pois/Air       48%        N/A       1%          2
 Call Canine Familiar     Summ           78%        N/A       1%          3
 Dazzling Flash           Conj/Hex       100%       N/A       1%          3
 Frozen Ramparts          Ice            48%        1d6       1%          3
 Ignite Poison            Fire/Tmut/Pois 60%        N/A       1%          3
 Inner Flame              Hex/Fire       71%        N/A       1%          3
 Mephitic Cloud           Conj/Pois/Air  61%        N/A       1%          3
 Summon Guardian Golem    Hex/Summ       57%        N/A       1%          3
 Hailstorm                Conj/Ice       74%        3d15      1%          4
 Iskenderun's Mystic Bla  Conj/Tloc      74%        2d15      1%          4
 Leda's Liquefaction      Hex/Erth       42%        N/A       1%          4
 Petrify                  Tmut/Erth      86%        N/A       1%          4
 Summon Ice Beast         Ice/Summ       57%        N/A       1%          4
 Summon Lightning Spire   Summ/Air       57%        N/A       1%          4
 Borgnjor's Vile Clutch   Necr/Erth      42%        N/A       1%          5
 Fireball                 Conj/Fire      50%        3d20      1%          5
 Freezing Cloud           Conj/Ice/Air   30%        6-21      1%          5
 Conjure Ball Lightning   Conj/Air       37%        3x3d12    1%          6
 Starburst                Conj/Fire      50%        8x6d14    1%          6
 Orb of Destruction       Conj           50%        9d15      1%          7
 Ensorcelled Hibernation  Hex/Ice        48%        N/A       2%          2
 Slow                     Hex            24%        N/A       2%          2
 Ignition                 Fire           49%        3d14      2%          8
 Shadow Creatures         Summ           N/A        N/A       3%          6
 Spider Form              Tmut/Pois      13%        N/A       4%          3
 Confusing Touch          Hex            24%        N/A       5%          3
 Gell's Gravitas          Tloc           12%        N/A       5%          3
 Ozocubu's Armour         Ice            24%        N/A       5%          3
 Portal Projectile        Hex/Tloc       48%        N/A       5%          3
 Swiftness                Air            24%        N/A       5%          3
 Teleport Other           Tloc           24%        N/A       5%          3
 Tukima's Dance           Hex            24%        N/A       5%          3
 Vampiric Draining        Necr           12%        2d7       5%          3
 Airstrike                Air            12%        N/A       5%          4
 Olgreb's Toxic Radiance  Pois           24%        N/A       5%          4
 Summon Forest            Summ/Tloc      28%        N/A       5%          5
 Summon Mana Viper        Hex/Summ       57%        N/A       5%          5
 Yara's Violent Unravell  Hex/Tmut       13%        3d7       12%         5
 Ice Form                 Ice/Tmut       26%        N/A       16%         4
 Monstrous Menagerie      Summ           39%        N/A       17%         7
 Animate Dead             Necr           12%        N/A       19%         4
 Blade Hands              Tmut           14%        N/A       36%         5
 Alistair's Intoxication  Tmut/Pois      17%        N/A       41%         5
 Agony                    Necr           24%        N/A       45%         5
 Excruciating Wounds      Necr           12%        N/A       45%         5
 Metabolic Englaciation   Hex/Ice        12%        N/A       45%         5
 Silence                  Hex/Air        12%        N/A       45%         5
 Eringya's Noxious Bog    Tmut/Pois      13%        N/A       50%         6
 Summon Horrible Things   Summ           39%        N/A       80%         8
 Haunt                    Necr/Summ      28%        N/A       86%         7
 Malign Gateway           Summ/Tloc      28%        N/A       86%         7
 Death Channel            Necr           12%        N/A       96%         6
 Dispersal                Tloc           12%        N/A       96%         6
 Invisibility             Hex            12%        N/A       96%         6
 Simulacrum               Ice/Necr       12%        N/A       96%         6
 Ozocubu's Refrigeration  Ice            12%        4d7       97%         7
 Dragon Form              Tmut           14%        N/A       100%        7
 Storm Form               Tmut/Air       13%        N/A       100%        7
 Borgnjor's Revivificati  Necr           12%        N/A       100%        8
 Infestation              Necr           12%        N/A       100%        8
 Maxwell's Capacitive Co  Air            12%        ∞         100%        8
 Necromutation            Tmut/Necr      13%        N/A       100%        8
 Polar Vortex             Ice            12%        N/A       100%        9
 Statue Form              Tmut/Erth      Unusable   N/A       N/A         6

Inventory:

Hand Weapons
 C - a +0 hunting sling
 X - a +9 spectral demon whip (weapon)
Armour
 g - the +3 crown of Dyrovepreva (worn) {rElec Int+2 SInv}
   (You bought it in a shop on level 5 of the Vaults)

   Int:       It affects your intelligence (+2).
   rElec:     It insulates you from electricity.
   SInv:      It lets you see invisible.
 m - a scarf of repulsion (worn)
 r - the +4 kite shield of the Lotus Blossom (worn) {rElec rN+ Int+4 Dex-3}
   (You took it off a gnoll sergeant on level 8 of the Dungeon)

   Int:       It affects your intelligence (+4).
   Dex:       It affects your dexterity (-3).
   rElec:     It insulates you from electricity.
   rN:        It protects you from negative energy.
 x - a +2 pair of gloves of strength (worn)
 H - the quicksilver dragon scales "Racwoeloujo" (worn) {Contam Will+ Str+3 Slay+3 Stlth+}
   (You found it on level 5 of the Pits of Slime)

   Str:       It affects your strength (+3).
   Slay:      It affects your accuracy & damage with ranged weapons and melee
   (+3).
   Contam:    It causes magical contamination when unequipped.
   Will:      It increases your willpower.
   Stlth:     It makes you more stealthy.
 Q - +0 acid dragon scales
 V - the +0 pair of boots "Mesymac" (worn) {+Inv rF+}
   (You found it in a Gauntlet)

   rF:        It protects you from fire.
   +Inv:      It lets you turn invisible.
Magical Staves
 v - a staff of earth {!a}
Jewellery
 c - the amulet "Oce Den" (around neck) {RegenMP rC+ Will+ Int+2 Dex-2}
   (You found it on level 3 of the Elven Halls)

   [amulet of magic regeneration]

   It increases your rate of magic regeneration.
   Int:       It affects your intelligence (+2).
   Dex:       It affects your dexterity (-2).
   rC:        It protects you from cold.
   Will:      It increases your willpower.
 f - a ring of protection from fire (left hand)
 D - a +6 ring of dexterity
 G - the ring "Pyileogyi" {rElec rC+ Str+3}
   (You found it on level 5 of the Pits of Slime)

   [ring of protection from cold]

   Str:       It affects your strength (+3).
   rC:        It protects you from cold.
   rElec:     It insulates you from electricity.
 N - a ring of positive energy
 P - the ring "Ineocol" (right hand) {Fly rPois rF+ Will+++}
   (You found it in a Gauntlet)

   [ring of flight]

   rF:        It protects you from fire.
   rPois:     It protects you from poison.
   Fly:       It grants you flight.
   Will:      It greatly increases your willpower.
 R - a ring of resist corrosion
 Z - a ring of wizardry
Wands
 o - a wand of acid (39)
 u - a wand of digging (47)
 z - a wand of iceblast (48)
 L - a wand of polymorph (26)
Scrolls
 d - 3 scrolls of holy word
 h - 2 scrolls of blinking
 l - 12 scrolls of immolation
 n - 12 scrolls of teleportation {@r4}
 s - a scroll of enchant weapon
 w - 2 scrolls of enchant armour
 y - 2 scrolls of summoning
 A - 3 scrolls of silence {!r}
 B - 5 scrolls of fear
 F - 3 scrolls of magic mapping
 K - 32 scrolls of identify {@r1}
 U - 8 scrolls of amnesia
 W - 8 scrolls of fog
Potions
 a - 8 potions of might
 i - 8 potions of brilliance
 j - 7 potions of cancellation
 k - 2 potions of resistance
 p - 18 potions of curing {@q1}
 t - a potion of invisibility
 E - 2 potions of heal wounds {@q2}
 J - 4 potions of magic
 O - 2 potions of mutation
 Y - 4 potions of haste {@q3}
Miscellaneous
 b - a condenser vane
 e - a phantom mirror
 q - a piece from Xom's chessboard (15/15)
 I - a lightning rod (4/4)
 M - a box of beasts
 S - the horn of Geryon
 T - a phial of floods

Dungeon Overview and Level Annotations

Branches:
Dungeon (15/15)            Temple (0/1) D:4            Lair (6/6) D:8
  Swamp (4/4) Lair:3        Snake (4/4) Lair:2        Slime (5/5) Lair:5
    Orc (2/2) D:12            Elf (3/3) Orc:2        Vaults (5/5) D:13
  Crypt (3/3) Vaults:2       Tomb (0/3) Crypt:3      Depths (5/5) D:15
   Hell (visited)             Dis (0/7) Hell            Geh (7/7) Hell
    Coc (0/7) Hell            Tar (0/7) Hell            Zot (0/5) Depths:5
 Bailey (visited)         Desolation (visited)      Gauntlet (visited)

Altars:
Dithmenos
Elyvilon
Gozag
Kikubaaqudgha
Makhleb
Nemelex Xobeh
Uskayaw
Vehumet
Wu Jian
Zin
The Shining One
Beogh

Shops:
D:4 ?   D:12 *   D:13 :   Orc:1 [   Orc:2 =*(?   Elf:2 =   Elf:3 ?   Snake:3 *?
Snake:4 (   Vaults:1 *   Vaults:2 ?:   Vaults:3 ?   Vaults:4 =   Vaults:5 [
Depths:2 :==   Depths:3 *   Depths:5 [

Portals:
Hell: Depths:1 Depths:2 Depths:3 Depths:4 Depths:5
Abyss: Depths:4
Pandemonium: Orc:2 Depths:2 Depths:3 Depths:4 Depths:5
Ziggurat: Depths:3

Annotations:
D:8 exclusion: door
Elf:2 3 runed translucent doors
Elf:3 3 runed translucent doors, Sapher's ghost, adept HuEE

# ############### #
#.#.............#..####.
#.....∩.................
#...∩......≈≈≈..#§..≈≈.≈
#.....≈≈≈§≈≈≈≈≈≈§§≈≈≈§≈≈
#..∩.≈§≈≈≈≈≈§≈≈§≈≈≈§§≈≈§
##...≈§≈≈§§≈§≈§§§≈≈≈≈≈≈§
#....§≈≈≈§≈≈≈§≈#§≈≈≈≈≈≈≈
#..≈§@§§≈≈≈≈≈§.≈≈≈≈#≈≈
#..≈≈§≈≈≈§§≈§§≈≈≈≈≈§≈≈
#..≈≈≈≈≈≈R.≈≈≈≈≈##§§§§
#....§§§§≈§.°1≈§≈≈##§≈≈§
#....§§§§§§19°≈≈≈≈§§≈≈§§
##..≈≈§§≈§§≈§≈.§.§≈§§≈≈§
#...§≈≈§..≈≈≈≈.☼1≈≈§≈..≈
#....≈§≈§.§§≈≈9..≈≈≈≈..≈
. ≈§§§≈≈≈§≈≈≈R.≈§§9≈4


You could see 2 Brimstone Fiends, an efreet and a molten gargoyle.


Message History

The bolt of fire hits you. You resist.
* * * LOW HITPOINT WARNING * * *
Casting: Shatter (dangerous; 1% risk of failure)
Confirm with . or Enter, or press ? or * to list all spells.
The dungeon rumbles!
The Brimstone Fiend is heavily wounded.
The efreet is heavily wounded.
You kill the red devil!
Vehumet accepts your kill.
You feel your power returning.
You hear a sizzling splash.
The molten gargoyle is moderately damaged.
Ka-crash!
Unknown command.
Casting: Shatter (dangerous; 1% risk of failure)
Confirm with . or Enter, or press ? or * to list all spells.
The dungeon rumbles!
The Brimstone Fiend is severely wounded.
The efreet is heavily wounded.
The molten gargoyle is almost destroyed.
The Brimstone Fiend is heavily wounded.
Ka-crash!
The Brimstone Fiend gestures at you.
The sphere of damnation explodes!
The damnation engulfs you!!!
* * * LOW HITPOINT WARNING * * *
A molten gargoyle comes into view. It is wielding a +0 mace.
As you read the scroll of teleportation {@r4}, it crumbles to dust.
You feel strangely unstable. The Brimstone Fiend gestures at you.
The sphere of damnation explodes!
The damnation engulfs you!!!
You die...

Skill      XL: |  1  2  3  4  5  6  7  8  9 10 11 12 13 14 15 16 17 18 19 20 21 22 23 24 25 26 27 |
---------------+----------------------------------------------------------------------------------+-----
Earth Magic    | 4 5 6 7 9 10 11 12 13 14 15 17 18 20 21 22 23 24 26 | 26.2
Conjurations   | 1 3 4 5 7 8 9 10 11 12 14 15 16 19 | 19.3
Spellcasting   | 3 4 5 6 7 8 9 10 11 14 | 14.1
Fighting       | 2 3 5 6 8 9 10 11 12 13 14 15 16 17 18 20 | 20.8
Dodging        | 2 3 4 5 6 7 8 9 10 11 12 13 14 15 16 | 16.9
Maces & Flails | 3 4 6 7 8 9 10 11 | 11.2
Fire Magic     | 3 4 6 7 8 9 10 12 17 | 17.8
Armour         | 2 4 6 |  6.0
Summonings     | 3 6 7 8 10 11 | 11.0
Shields        | 3 5 6 7 9 11 12 13 14 15 | 15.5
Evocations     | 3 6 7 9 10 11 13 | 13.8
Staves         | 2 5 6 |  6.9
Stealth        | |  2.1
Transmutations | |  0.7

Action                   |  1- 3 |  4- 6 |  7- 9 | 10-12 | 13-15 | 16-18 | 19-21 | 22-24 | 25-27 || total
-------------------------+-------+-------+-------+-------+-------+-------+-------+-------+-------++-------
Melee: Unarmed           |     6 |       |       |       |       |       |       |       |       ||     6
       Mace              |    27 |    33 |    36 |       |   166 |       |   453 |   204 |    32 ||   951
       Falchion          |       |    16 |     7 |       |       |       |       |       |       ||    23
       Short sword       |       |     2 |       |       |       |       |       |       |       ||     2
       Eveningstar       |       |       |     4 |    76 |    46 |       |       |       |       ||   126
       Whip              |       |       |       |       |   493 |   491 |    11 |       |       ||   995
       Staff             |       |       |       |       |       |       |       |       |   233 ||   233
       Demon whip        |       |       |       |       |       |       |       |       |  1037 ||  1037
 Cast: Sandblast         |    46 |    32 |   108 |   163 |    95 |       |       |       |       ||   444
       Stone Arrow       |       |       |    52 |   213 |   170 |       |       |       |       ||   435
       Bolt of Magma     |       |       |       |     4 |     1 |       |       |       |       ||     5
       Blink             |       |       |       |     3 |       |       |     1 |     3 |       ||     7
       Lee's Rapid Decon |       |       |       |     6 |     8 |    14 |     2 |       |     7 ||    37
       Iskenderun's Batt |       |       |       |       |     3 |       |       |       |       ||     3
       Iron Shot         |       |       |       |       |   265 |   446 |   411 |   108 |     7 ||  1237
       Spellforged Servi |       |       |       |       |    20 |   139 |   164 |   116 |   128 ||   567
       Lehudib's Crystal |       |       |       |       |       |       |       |   172 |   185 ||   357
       Shatter           |       |       |       |       |       |       |       |    54 |   292 ||   346
Evoke: Wand              |       |       |       |       |       |     1 |       |     3 |       ||     4
  Use: Potion            |       |     2 |     1 |       |     1 |       |       |     6 |    15 ||    25
       Scroll            |       |     1 |    12 |    14 |    13 |     7 |    11 |    12 |    14 ||    84
 Stab: Sleeping          |     1 |       |       |       |     1 |     1 |       |       |     1 ||     4
       Invisible         |       |     1 |       |       |       |       |       |       |       ||     1
       Distracted        |       |       |       |       |     1 |     4 |     2 |     3 |    20 ||    30
Armor: Robe              |    22 |    20 |    64 |    24 |       |       |       |       |       ||   130
       Troll leather arm |       |       |       |    87 |   423 |    50 |       |       |       ||   560
       Acid dragon scale |       |       |       |       |       |   266 |   267 |   246 |   337 ||  1116
       Quicksilver drago |       |       |       |       |       |       |       |       |   163 ||   163
Dodge: Dodged            |    41 |    46 |    91 |   221 |   500 |   416 |   245 |   156 |   321 ||  2037
       Repelled          |       |       |       |     4 |     4 |    45 |    20 |     4 |    11 ||    88
Block: Kite shield       |       |       |       |       |     1 |     4 |   492 |   305 |   724 ||  1526
       Buckler           |       |       |       |       |       |   130 |       |       |       ||   130
       Rpst.: Falchion   |       |     6 |     2 |       |       |       |       |       |       ||     8

Levels and vault maps discovered:
D:1:      heliophobic_arrival_glass_houses, layout_loops_ring,
          basic_ecumenical_altar
D:2:      layout_basic
D:3:      layout_loops_ring, nicolae_overflow_hidden_temple,
          serial_bayou_lagoon_b, uniq_terence, uniq_grinder
D:4:      layout_rooms, minmay_temple_entry_waves, serial_shops, shop_scrolls,
          serial_forest, infiniplex_forest_clump_curved,
          infiniplex_forest_clump_small, infiniplex_forest_straight_3,
          infiniplex_forest_end_2, infiniplex_forest_lined_room_3,
          infiniplex_forest_lined_room_2, infiniplex_forest_lined_room_2,
          uniq_crazy_yiuf_cottage, uniq_natasha, uniq_eustachio
D:5:      layout_loops_ring
D:6:      layout_basic, grunt_ministairs_15, item_on_display_a, uniq_pikel
D:7:      layout_rooms
D:8:      layout_loops_ring, david_lair_shrubbed, serial_glass, glass_columns_a,
          glass_columns_a, glass_columns_b, glass_columns_b, glass_columns_a,
          glass_columns_b, glass_columns_a, glass_columns_a, glass_columns_a,
          glass_columns_c, gammafunk_ghost_gnarly_gnolls, minmay_three_doors
D:9:      layout_roguey, enter_bailey_8
D:10:     layout_loops_cross
D:11:     layout_layer_cave
D:12:     minmay_the_grid_3x2 [minmay_the_grid_paths, minmay_the_grid_odd_star,
          minmay_the_grid_zigzag_pyramid, minmay_the_grid_box_x,
          minmay_the_grid_diamond_grid, minmay_the_grid_prize_diamond_cup],
          layout_loops_ring, hiddenorc2_lemuel, nicolae_shop_clearance
D:13:     layout_cave_pods, david_vaults_5, serial_shops,
          nicolae_shop_statue_plus
D:14:     layout_big_octagon, nicolae_dithmenos_shadow_blocks
D:15:     hangedman_depths_entry_civil_slaughter, layout_grid_maze,
          gauntlet_entry_generic, minmay_misc_feat_doors, st_stairs_3,
          tso_oasis_becter, uniq_jorgrun
Lair:1:   layout_regular_city
Lair:2:   layout_misc_corridors, guppyfry_snake_entry_garden,
          small_statue_intersection, lemuel_fruit_tree, grunt_megastairs_5
Lair:3:   layout_chaotic_city, skrybe_swamp_entry_bodies, basic_altar,
          grunt_megastairs_3
Lair:4:   layout_misc_corridors
Lair:5:   layout_long_grid, nicolae_slime_entry_slimehenge,
          nicolae_volcano_entry_batcave, beast_lair_carwin_1,
          grunt_megastairs_2, infiniplex_staircase_pool_2, serial_bayou_shore_b,
          uniq_rupert
Lair:6:   gammafunk_lair_ancient_temple, layout_regular_city
Swamp:1:  layout_basic_swamp, serial_swamp_ruin, evilmike_swamp_ruin_house_3,
          evilmike_swamp_ruin_house_5, hangedman_swamp_ruin_wall
Swamp:2:  layout_basic_swamp, evilmike_swamp_ruin_rubble_1, swamp_pool2,
          uniq_donald, uniq_roxanne
Swamp:3:  layout_basic_swamp, evilmike_swamp_ruin_rubble_2
Swamp:4:  swamp_basic_johnstein, layout_basic_swamp
Snake:1:  layout_onion, grunt_ministairs_8, st_stairs_3, uniq_aizul
Snake:2:  layout_misc_corridors, gammafunk_ghost_cemetery, uniq_vashnia
Snake:3:  layout_grid_shapes, minmay_shoptagon
Snake:4:  johnstein_snake_rune_scales, layout_basic, serial_shops, shop,
          st_stairs_7, hangedman_snake_pattern, uniq_nikola, uniq_louise
Slime:1:  layout_caves
Slime:2:  layout_caves, cheibrodos_slime_lost_civilization_4
Slime:3:  layout_caves
Slime:4:  cheibrodos_slime_lost_civilization_8, layout_caves,
          nicolae_slime_welcoming_committee
Slime:5
Orc:1:    layout_diamond_mine, basic_altar, serial_shops, nicolae_diamond_shop,
          gammafunk_ghost_arena
Orc:2:    pf_orc_diabolical, layout_caves, minmay_orc_temple_a
Elf:1:    eino_elf_arrival_shootout, layout_loops_cross,
          portal_desolation_entry_garden, minmay_elf_annihilation
Elf:2:    layout_gridlike, serial_shops, shop
Elf:3:    minmay_elf_hall_quartered_circle, layout_gridlike,
          ebering_ghost_rock_garden, serial_shops,
          nicolae_shop_competitors_out_of_business
Vaults:1: ontoclasm_vaults_chip, v_misc_24, nicolae_vaults_network_quinsquares
          [nicolae_vaults_network_quincunx_subvault,
          nicolae_vaults_network_quincunx_subvault,
          nicolae_vaults_network_quincunx_subvault,
          nicolae_vaults_network_quincunx_subvault], v_misc_13,
          nicolae_vaults_ring_of_whatevers, ontoclasm_vaults_tryst, v_misc_16,
          nicolae_vaults_network_square, v_pattern_4, vaults_dpeg_encased_lava,
          vaults_room_door_ring, hangedman_vaults_trim, layout_vaults_omnicross,
          serial_shops, nicolae_shop_trees
Vaults:2: nicolae_vaults_little_squares_6, nicolae_vaults_shelves_hall,
          minmay_crypt_entry_vampire_xt, v_misc_15,
          nicolae_vaults_yaktaur_gun_rack, nicolae_vaults_little_ls,
          ontoclasm_vaults_claustrophobia, nicolae_vaults_ring_of_whatevers,
          layout_vaults_quadrants, serial_shops, shop, nicolae_shop_trees,
          uniq_boris, uniq_mara
Vaults:3: v_misc_14, nicolae_vaults_arrows, nicolae_vaults_three_branches,
          hangedman_vaults_stagger, v_misc_18, vaults_mumra_chevron_long,
          hangedman_vaults_snaps, vaults_mumra_hex, layout_vaults_omnibox,
          serial_shops, shop, uniq_jory
Vaults:4: nicolae_vaults_ninety_degrees, v_misc_28, vaults_room_corners,
          grunt_vaults_hallway_long, v_pattern_3, v_misc_12, vaults_dpeg_spiral,
          v_misc_14, nicolae_vaults_shelves_hall, vaults_room_hallway,
          nicolae_vaults_mini_display_case, vaults_room_semicircle,
          layout_vaults_big_room, serial_shops, shop, uniq_sojobo, uniq_margery
Vaults:5
Crypt:1:  layout_regular_city, grunt_megastairs_4, grunt_crypt_arrival_split
Crypt:2:  layout_chaotic_city, grunt_ministairs_9, grunt_megastairs_1,
          uniq_saint_roka, uniq_frederick
Crypt:3:  cryptofortress_bobbens
Depths:1: minmay_octagon_keep, layout_cave_shapes, serial_sigils,
          serial_sigils_hangedman_stare, serial_sigils_hangedman_shear,
          serial_sigils_hangedman_clutch, serial_sigils_hangedman_carve,
          serial_sigils_hangedman_snap, serial_sigils_hangedman_shear,
          grunt_mini_vestibule, elyvilon_altar_1
Depths:2: kennysheep_funnel, layout_gridville, hex_medium,
          grunt_hell_entry_dis_mu, pan_entry, infiniplex_staircase_diamond,
          firewood_loft, minmay_shop_grove
Depths:3: hangedman_arch_fort, layout_cave_shapes, enter_ziggurat_c,
          grunt_pan_entry_sceptre, serial_shops, shop, hangedman_coc_ice_floe,
          grunt_gozag_breadcrumbs, laboratory, minmay_staircase_bubble
Depths:4: hangedman_box_tower, layout_basic, serial_shops, bzr_in_the_mist,
          minmay_misc_feat_roman, hangedman_tar_grid_catacomb,
          grunt_pan_entry_zigzag, abyss_entry
Depths:5: evilmike_zot_entry_diamond, layout_cave_pools, rand_demon_pan_entry_4,
          hangedman_decor_push, hell_entry, serial_shops, shop
Hell
Geh:1:    layout_gehenna_pools_triple
Geh:2:    layout_gehenna_lava_caves
Geh:3:    layout_gehenna_pools_box
Geh:4:    layout_gehenna_lava_caves
Geh:5:    layout_gehenna_lava_caves
Geh:6:    layout_gehenna_lava_caves, door_vault
Geh:7:    geh_hangedman

Notes
Turn   | Place    | Note
-------+----------+-------------------------------------------
     0 | D:1      | kr4n3x the Gargoyle Earth Elementalist began the quest for
                  | the Orb.
     0 | D:1      | Reached XP level 1. HP: 10/10 MP: 3/3
   469 | D:1      | Reached XP level 2. HP: 9/15 MP: 0/5
   633 | D:1      | Found a faded altar of an unknown god.
   641 | D:1      | Reached skill level 4 in Earth Magic
  1584 | D:2      | Reached XP level 3. HP: 19/19 MP: 4/6
  1588 | D:2      | Learned a level 3 spell: Stone Arrow
  1960 | D:2      | Reached skill level 1 in Conjurations
  2021 | D:2      | Reached skill level 3 in Spellcasting
  2021 | D:2      | Reached XP level 4. HP: 18/24 MP: 6/8
  2741 | D:3      | Noticed Terence
  2778 | D:3      | Killed Terence
  3162 | D:3      | Noticed Grinder
  3192 | D:3      | Paralysed by Grinder for 3 turns
  3193 | D:3      | Reached skill level 5 in Earth Magic
  3199 | D:3      | Paralysed by Grinder for 5 turns
  3209 | D:3      | Killed Grinder
  3210 | D:3      | Reached skill level 4 in Spellcasting
  3210 | D:3      | Reached skill level 3 in Conjurations
  3210 | D:3      | Reached XP level 5. HP: 19/28 MP: 5/11
  3210 | D:3      | Reached XP level 6. HP: 22/32 MP: 5/12
  3692 | D:3      | Found a shadowy altar of Dithmenos.
  3693 | D:3      | Found a radiant altar of Vehumet.
  4066 | D:4      | Found Vionuhivi's Magic Scroll Boutique.
  4094 | D:4      | Bought a scroll of blinking for 90 gold pieces
  4112 | D:4      | Reached skill level 6 in Earth Magic
  4115 | D:4      | Noticed Natasha
  4123 | D:4      | Killed Natasha
  4124 | D:4      | Reached XP level 7. HP: 21/36 MP: 7/13
  4238 | D:4      | Noticed Natasha
  4241 | D:3      | Found a glowing golden altar of the Shining One.
  4241 | D:3      | Found a sparkling altar of Nemelex Xobeh.
  4323 | D:3      | Became a worshipper of Vehumet
  4329 | D:4      | Killed Natasha
  4330 | D:4      | Reached skill level 4 in Conjurations
  4336 | D:4      | Noticed Natasha
  4345 | D:4      | Killed Natasha
  4445 | D:4      | Found a runed translucent door.
  4446 | D:4      | Noticed Crazy Yiuf
  4606 | D:4      | Reached skill level 1 in Fighting
  4731 | D:4      | Reached skill level 2 in Dodging
  4835 | D:4      | Found a staircase to the Ecumenical Temple.
  4899 | D:4      | Noticed Eustachio
  5044 | D:4      | Killed Eustachio
  5045 | D:4      | Reached skill level 2 in Fighting
  5045 | D:4      | Reached XP level 8. HP: 43/44 MP: 9/15
  5470 | D:5      | Entered Level 5 of the Dungeon
  5473 | D:5      | Reached skill level 7 in Earth Magic
  5480 | D:5      | Reached skill level 5 in Spellcasting
  5561 | D:5      | Reached skill level 5 in Conjurations
  5683 | D:5      | Reached skill level 3 in Fighting
  5738 | D:5      | Reached skill level 3 in Dodging
  5759 | D:5      | Reached * piety under Vehumet
  5759 | D:5      | Offered knowledge of Freeze by Vehumet.
  6815 | D:6      | Reached XP level 9. HP: 32/52 MP: 6/17
  7295 | D:6      | Reached skill level 4 in Fighting
  7295 | D:6      | Reached skill level 8 in Earth Magic
  7341 | D:6      | Noticed Pikel
  7353 | D:6      | Reached skill level 6 in Conjurations
  7439 | D:6      | Killed Pikel
  7440 | D:6      | Reached skill level 4 in Dodging
  7896 | D:6      | Reached skill level 5 in Fighting
  8003 | D:7      | Reached ** piety under Vehumet
  8003 | D:7      | Offered knowledge of Shock by Vehumet.
  8004 | D:7      | Reached skill level 7 in Conjurations
  8004 | D:7      | Reached skill level 9 in Earth Magic
  8264 | D:7      | Identified a scroll of acquirement
  8264 | D:7      | Acquired a +2 eveningstar of freezing
  8274 | D:7      | Reached XP level 10. HP: 56/60 MP: 18/18
  8700 | D:6      | Reached skill level 1 in Maces & Flails
  8835 | D:7      | Reached skill level 6 in Fighting
  8835 | D:7      | Reached skill level 5 in Dodging
  9027 | D:7      | Learned a level 1 spell: Foxfire
  9035 | D:7      | Acquired Jelamyde's Disquisition on Blows and Bruises and
                  | the Compass
  9043 | D:7      | Learned a level 5 spell: Bolt of Magma
  9046 | D:7      | Learned a level 2 spell: Blink
  9585 | D:8      | Reached skill level 1 in Fire Magic
  9657 | D:8      | Offered knowledge of Searing Ray by Vehumet.
  9733 | D:8      | Reached skill level 2 in Maces & Flails
 10034 | D:8      | Noticed a manticore
 10248 | D:8      | Found a transporter.
 10250 | D:8      | Noticed Grum
 10259 | D:8      | Identified the +4 kite shield of the Lotus Blossom {rElec
                  | rN+ Int+4 Dex-3}
 10268 | D:8      | Found a transporter.
 10268 | D:8      | Identified the +9 glaive "Spiderslayer" {pain, rElec rF+++
                  | Str-5 Dex-3}
 10268 | D:8      | Identified the ring "Laxkefy" {Fly Will- rCorr Int+6}
 10294 | D:8      | Found a staircase to the Lair.
 10318 | D:8      | Reached skill level 2 in Fire Magic
 10660 | Lair:1   | Entered Level 1 of the Lair of Beasts
 10673 | Lair:1   | Reached skill level 8 in Conjurations
 10766 | D:9      | Got the Reference Book on Dusty Ignition
 10778 | D:9      | Found a flagged portal.
 10788 | Bailey   | Entered a bailey
 10975 | Bailey   | Identified a +0 crystal plate armour
 10982 | Bailey   | Reached skill level 1 in Armour
 11043 | Bailey   | Reached *** piety under Vehumet
 11319 | Bailey   | Reached skill level 10 in Earth Magic
 11523 | Bailey   | Reached skill level 3 in Maces & Flails
 11524 | Bailey   | Offered knowledge of Fulminant Prism by Vehumet.
 11818 | Bailey   | Identified the +4 scale mail "Iclo" {Rampage SInv}
 12236 | D:9      | Reached skill level 2 in Armour
 12282 | D:9      | Reached skill level 3 in Fire Magic
 12282 | D:9      | Reached XP level 11. HP: 33/66 MP: 6/19
 12375 | D:9      | Noticed a two-headed ogre
 12387 | D:9      | Killed a two-headed ogre
 12388 | D:9      | Reached skill level 7 in Fighting
 12972 | D:9      | Noticed a two-headed ogre
 12980 | D:9      | Killed a two-headed ogre
 12981 | D:9      | Reached skill level 3 in Armour
 13202 | Lair:1   | Noticed an eight-headed hydra
 13218 | D:8      | Killed an eight-headed hydra
 13219 | D:8      | Reached skill level 4 in Maces & Flails
 13219 | D:8      | Reached skill level 6 in Dodging
 13219 | D:8      | Reached skill level 6 in Spellcasting
 13427 | Lair:1   | Reached skill level 4 in Fire Magic
 13430 | Lair:1   | Reached **** piety under Vehumet
 13671 | Lair:1   | Reached skill level 9 in Conjurations
 13758 | Lair:1   | Reached skill level 4 in Armour
 13777 | Lair:1   | You fall into a shaft and drop 1 floor!
 13810 | Lair:2   | Offered knowledge of Lee's Rapid Deconstruction by Vehumet.
 13819 | Lair:2   | Learned a level 5 spell: Lee's Rapid Deconstruction
 13921 | Lair:1   | Reached skill level 8 in Fighting
 14025 | Lair:1   | Reached XP level 12. HP: 50/73 MP: 10/21
 14135 | Lair:1   | Reached skill level 5 in Maces & Flails
 14663 | Lair:2   | Reached skill level 11 in Earth Magic
 14758 | Lair:2   | Reached skill level 5 in Fire Magic
 15169 | Lair:2   | Found a staircase to the Snake Pit.
 15176 | Lair:2   | Reached skill level 5 in Armour
 15785 | Lair:3   | Found a staircase to the Swamp.
 15898 | Lair:3   | Reached skill level 7 in Dodging
 16159 | Lair:3   | Noticed a six-headed hydra
 16165 | Lair:3   | Killed a six-headed hydra
 16166 | Lair:3   | Reached skill level 6 in Maces & Flails
 16210 | Lair:3   | Reached skill level 9 in Fighting
 16219 | Lair:3   | Reached skill level 10 in Conjurations
 16219 | Lair:3   | Reached skill level 6 in Fire Magic
 16308 | Lair:3   | Reached skill level 6 in Armour
 16452 | Lair:3   | Found an ornate altar of the Wu Jian Council.
 16467 | Lair:3   | Reached XP level 13. HP: 78/80 MP: 8/22
 16885 | Lair:3   | Learned a level 5 spell: Iskenderun's Battlesphere
 17221 | Lair:4   | Reached ***** piety under Vehumet
 17276 | Lair:4   | Offered knowledge of Spellforged Servitor by Vehumet.
 17287 | Lair:4   | Learned a level 7 spell: Spellforged Servitor
 17799 | Lair:4   | Reached skill level 1 in Summonings
 17890 | Lair:4   | You fall into a shaft and drop 2 floors!
 17890 | Lair:6   | Entered Level 6 of the Lair of Beasts
 18070 | Lair:6   | Reached skill level 12 in Earth Magic
 18515 | Lair:6   | Reached skill level 2 in Summonings
 18559 | Lair:6   | Reached skill level 7 in Maces & Flails
 18973 | Lair:4   | Reached skill level 7 in Fire Magic
 19003 | Lair:3   | Reached skill level 3 in Summonings
 19209 | Lair:4   | Identified the +11 mace of the Other Side {holy, rPois
                  | Int+7 Dex-5}
 19668 | Lair:4   | Reached skill level 10 in Fighting
 19847 | Lair:5   | Gained mutation: Your large and strong wings let you fly.
                  | [Gargoyle growth]
 19847 | Lair:5   | Reached XP level 14. HP: 88/88 MP: 14/23
 19866 | Lair:5   | Reached skill level 8 in Dodging
 19878 | Lair:4   | Reached skill level 4 in Summonings
 20117 | Lair:5   | Noticed Rupert
 20245 | Lair:6   | Reached skill level 11 in Conjurations
 20315 | Lair:6   | Offered knowledge of Iron Shot by Vehumet.
 20331 | Lair:6   | Learned a level 6 spell: Iron Shot
 20914 | Lair:6   | Reached skill level 5 in Summonings
 21097 | Lair:6   | Reached skill level 8 in Maces & Flails
 21308 | Lair:6   | Identified a potion of resistance
 21761 | Lair:5   | Reached skill level 7 in Spellcasting
 21816 | Lair:5   | Found a staircase to the Slime Pits.
 22413 | Lair:5   | Reached skill level 8 in Fire Magic
 22683 | Lair:5   | Paralysed by Rupert for 2 turns
 22693 | Lair:5   | Killed Rupert
 22694 | Lair:5   | Reached skill level 6 in Summonings
 22992 | D:8      | Noticed Tempus's ghost (novice BaIE)
 23021 | D:8      | Killed Grum
 23153 | D:8      | Killed Tempus's ghost
 23299 | D:10     | Entered Level 10 of the Dungeon
 23499 | D:10     | Reached skill level 13 in Earth Magic
 23687 | D:10     | Reached XP level 15. HP: 93/93 MP: 6/25
 24283 | D:11     | Reached skill level 1 in Shields
 25878 | D:12     | Found Ufumyame's CLEARANCE SALE! EVERYTHING MUST GO!.
 25941 | D:12     | Reached skill level 2 in Shields
 26308 | D:12     | Reached skill level 11 in Fighting
 26607 | D:12     | Reached skill level 7 in Summonings
 26793 | D:12     | Found the +8 whip "Snakebite" {venom, curare, rPois}
 26793 | D:12     | Noticed a sphinx
 26808 | D:12     | Killed a sphinx
 26856 | D:12     | Found the +6 Majin-Bo {vamp, MP+6 Int+6}
 26957 | D:12     | Offered knowledge of Freezing Cloud by Vehumet.
 27129 | D:12     | Found a staircase to the Orcish Mines.
 27430 | Orc:1    | Entered Level 1 of the Orcish Mines
 27524 | Orc:1    | Found the necklace of Bloodlust {*Rage +Rage Will++ Int-3
                  | Slay+6}
 27527 | Orc:1    | Noticed Jisim's ghost (journeyman HuGl)
 27531 | Orc:1    | Found a transporter.
 27545 | Orc:1    | Found a transporter.
 27827 | Orc:1    | Reached skill level 3 in Shields
 28220 | Orc:1    | Reached skill level 9 in Dodging
 28230 | Orc:1    | Killed Jisim's ghost
 28269 | Orc:2    | Entered Level 2 of the Orcish Mines
 28739 | Orc:2    | Reached skill level 9 in Maces & Flails
 28776 | Orc:1    | Reached ****** piety under Vehumet
 28859 | Orc:1    | Found Edeaw's Antique Armour Emporium.
 28950 | Orc:2    | Noticed an orc warlord
 28970 | Orc:2    | Killed an orc warlord
 29032 | Orc:2    | Found a staircase to the Elven Halls.
 29103 | Orc:2    | Offered knowledge of Irradiate by Vehumet.
 29279 | Orc:2    | Found Emommumynk's Magic Scroll Shoppe.
 29282 | Orc:2    | Found Siall's General Store.
 30073 | Orc:2    | Reached skill level 12 in Conjurations
 30073 | Orc:2    | Reached skill level 9 in Fire Magic
 30136 | Orc:2    | Reached XP level 16. HP: 100/100 MP: 7/27
 30207 | Orc:2    | Reached skill level 8 in Spellcasting
 30286 | Orc:2    | Reached skill level 4 in Shields
 30291 | Orc:2    | Offered knowledge of Conjure Ball Lightning by Vehumet.
 30297 | Orc:2    | Reached skill level 8 in Summonings
 30454 | Orc:2    | Found Cuutas's Jewellery Boutique.
 30454 | Orc:2    | Found Puqocri's Antique Weapon Shop.
 30454 | Orc:2    | Found a one-way gate leading to the halls of Pandemonium.
 30603 | Orc:2    | Bought a scroll of blinking for 112 gold pieces
 30603 | Orc:2    | Bought a scroll of blinking for 112 gold pieces
 30603 | Orc:2    | Bought 2 scrolls of teleportation for 90 gold pieces
 30603 | Orc:2    | Bought a scroll of teleportation for 45 gold pieces
 30869 | Swamp:1  | Entered Level 1 of the Swamp
 31156 | Swamp:1  | Identified the +0 ring mail of Restlessness {SInv}
 32029 | D:13     | Found a gate to the Vaults.
 32188 | D:13     | Identified the +5 trident of Discord {vorpal, *Slow rN+++
                  | Str+3 SInv}
 32223 | D:13     | Found Vaseywni's Book Shop.
 32870 | D:14     | Found a shadowy altar of Dithmenos.
 33262 | D:14     | Reached skill level 5 in Shields
 33482 | D:15     | Entered Level 15 of the Dungeon
 33494 | D:15     | Noticed Jorgrun
 33502 | D:15     | Killed Jorgrun
 33585 | D:15     | Found a gate leading to a gauntlet.
 33592 | Gauntlet | Entered a Gauntlet
 33592 | Gauntlet | Found a transporter.
 33592 | Gauntlet | Found a transporter.
 33605 | Gauntlet | Found a transporter.
 33624 | Gauntlet | Found a transporter.
 33624 | Gauntlet | Found a transporter.
 33624 | Gauntlet | Found a transporter.
 33627 | Gauntlet | Found a transporter.
 33627 | Gauntlet | Found a transporter.
 33637 | Gauntlet | Found a runed translucent gate.
 33639 | Gauntlet | Found a runed translucent gate.
 33639 | Gauntlet | Found a transporter.
 33640 | Gauntlet | Found a runed translucent gate.
 33657 | Gauntlet | Found a transporter.
 33667 | Gauntlet | Found a transporter.
 33682 | Gauntlet | Found a transporter.
 33702 | Gauntlet | Found a transporter.
 33715 | Gauntlet | Found a transporter.
 33869 | Gauntlet | Identified the ring "Ineocol" {Fly rPois rF+ Will+++}
 34212 | Gauntlet | Identified the +0 pair of boots "Mesymac" {+Inv rF+}
 34658 | D:15     | Reached skill level 14 in Earth Magic
 34743 | D:15     | Found a staircase to the Depths.
 34766 | D:15     | Got the Disquisition on Shifting Bewitchment
 34866 | D:15     | Offered knowledge of Lightning Bolt by Vehumet.
 34971 | D:15     | Found a glowing golden altar of the Shining One.
 35391 | D:15     | Identified the +1 leather armour of Orthodoxy {rC+}
 35785 | D:15     | Reached skill level 12 in Fighting
 36622 | Swamp:1  | Reached XP level 17. HP: 100/106 MP: 10/29
 37022 | Swamp:2  | Identified Roxanne's Catalogue of Transmigration
 37022 | Swamp:2  | Noticed Roxanne
 37104 | Swamp:2  | Killed Roxanne
 37105 | Swamp:2  | Reached skill level 10 in Maces & Flails
 37914 | Swamp:2  | Noticed Donald
 37931 | Swamp:2  | Killed Donald
 38386 | Swamp:2  | Reached skill level 9 in Spellcasting
 38766 | Swamp:2  | Reached skill level 13 in Conjurations
 39045 | Swamp:3  | Offered knowledge of Lehudib's Crystal Spear by Vehumet.
 39046 | Swamp:3  | Reached skill level 9 in Summonings
 40360 | Swamp:4  | Entered Level 4 of the Swamp
 40810 | Swamp:3  | Learned a level 8 spell: Lehudib's Crystal Spear
 41031 | Swamp:4  | Reached skill level 10 in Summonings
 41040 | Swamp:4  | Reached skill level 6 in Shields
 41234 | Swamp:4  | Offered knowledge of Fire Storm by Vehumet.
 41234 | Swamp:4  | Offered knowledge of Shatter by Vehumet.
 41234 | Swamp:4  | Offered knowledge of Chain Lightning by Vehumet.
 41693 | Swamp:4  | Got a decaying rune of Zot
 41920 | Snake:1  | Entered Level 1 of the Snake Pit
 41938 | Lair:2   | Reached skill level 10 in Dodging
 41938 | Lair:2   | Reached skill level 14 in Conjurations
 42545 | Swamp:3  | Identified the +5 halberd "Kienk" {vamp, rElec rF+++ Str+3
                  | Dex-3}
 42878 | Orc:1    | Bought a fading ring mail for 252 gold pieces
 42878 | Orc:1    | Identified the +5 ring mail of Skepticism {Slay+3 SInv}
                  | (You bought it in a shop on level 1 of the Orcish Mines)
 43131 | Snake:1  | Reached XP level 18. HP: 101/112 MP: 5/31
 43480 | Snake:1  | Noticed Aizul
 43493 | Snake:1  | Killed Aizul
 44238 | Snake:1  | Found the +5 demon whip "Spellbinder" {antimagic, Will+}
 44819 | Snake:2  | Noticed Efeterghoju's ghost (adept GnCj)
 44819 | Snake:2  | Noticed Coutef's ghost (adept MfGl)
 44819 | Snake:2  | Found a runed translucent gate.
 44819 | Snake:2  | Found a runed translucent gate.
 44819 | Snake:2  | Found a runed translucent gate.
 44840 | Snake:2  | Reached skill level 15 in Earth Magic
 45140 | Snake:2  | Noticed Vashnia
 45562 | Snake:2  | Killed Vashnia
 45563 | Snake:2  | Reached skill level 7 in Shields
 46318 | Snake:3  | Found Ulazes's Magic Scroll Shop.
 46324 | Snake:3  | Found Ynovaxa's General Store.
 46328 | Snake:3  | Bought a scroll of magic mapping for 49 gold pieces
 46328 | Snake:3  | Bought a scroll of blinking for 105 gold pieces
 46328 | Snake:3  | Bought a scroll of magic mapping for 49 gold pieces
 47030 | Snake:4  | Entered Level 4 of the Snake Pit
 47864 | Snake:4  | Noticed Louise
 47954 | Snake:4  | Killed Louise
 48174 | Snake:4  | Found Oheh's Antique Weapon Emporium.
 48213 | Snake:4  | Noticed Nikola
 48222 | Snake:4  | Killed Nikola
 49472 | Snake:4  | Reached XP level 19. HP: 91/118 MP: 8/32
 50185 | Snake:4  | Reached skill level 11 in Summonings
 50193 | Snake:4  | Reached skill level 13 in Fighting
 50261 | Snake:4  | Got a serpentine rune of Zot
 50317 | Snake:4  | Reached skill level 8 in Shields
 50750 | Vaults:1 | Entered Level 1 of the Vaults
 50763 | Vaults:1 | Learned a level 9 spell: Shatter
 50827 | Vaults:1 | Reached skill level 10 in Spellcasting
 50827 | Vaults:1 | Reached skill level 16 in Earth Magic
 51419 | D:4      | Killed Crazy Yiuf
 51682 | Snake:2  | Killed Efeterghoju's ghost
 51687 | Snake:2  | Killed Coutef's ghost
 52220 | Elf:1    | Entered Level 1 of the Elven Halls
 52363 | Elf:1    | Found a ruined gateway.
 52373 | Desolati | Entered the Desolation of Salt
 53064 | Desolati | Identified the +0 robe "Gomybecy" {rPois rF+ Regen+ Stlth-}
 53066 | Desolati | Identified the +5 halberd "Leffeemo" {vorpal, Int+2}
 53281 | Desolati | Identified the +1 ring mail of Hairiness {MP+9 Str+8}
 53371 | Desolati | Identified the amulet of Ytoxturo {Acrobat Rampage Fly
                  | rPois Stlth+}
 54023 | Desolati | Reached skill level 9 in Shields
 54023 | Desolati | Reached skill level 15 in Conjurations
 54244 | Desolati | Identified the +2 pair of boots of Inaction {Will- rCorr
                  | Int+4}
 54303 | Desolati | Got the Almanac of Shifting Evil
 54720 | Elf:1    | Reached skill level 11 in Dodging
 55006 | Elf:1    | Identified the +6 morningstar of the Crypt {freeze, Str+7}
 55133 | Elf:1    | Reached skill level 17 in Earth Magic
 55530 | Orc:2    | Bought a ring of see invisible for 210 gold pieces
 56005 | Elf:2    | Found Monakuul's Jewellery Shop.
 56302 | Elf:2    | Reached XP level 20. HP: 121/126 MP: 28/34
 56815 | Elf:2    | Noticed a Brimstone Fiend
 57022 | Elf:2    | Paralysed by an air elemental for 1 turns
 57521 | Elf:2    | Found a runed translucent gate.
 57521 | Elf:2    | Found a runed translucent gate.
 57522 | Elf:2    | Found a runed translucent gate.
 57753 | Vaults:1 | Identified the +7 hand crossbow of the End of Times
                  | {freeze, *Corrode rElec rC+}
 58059 | Vaults:1 | Identified the +0 robe of Ilaxah {Int+3}
 58126 | Vaults:1 | Reached skill level 14 in Fighting
 58269 | Vaults:1 | Reached skill level 10 in Shields
 58589 | Vaults:1 | Found Hobb's General Store.
 59105 | Vaults:1 | Reached skill level 18 in Earth Magic
 59548 | Vaults:2 | Noticed Boris
 59828 | Vaults:2 | Killed Boris
 60309 | Vaults:2 | Found Voavvun's Book Boutique.
 60449 | Vaults:2 | Noticed Mara
 60457 | Vaults:2 | Killed Mara
 60580 | Vaults:2 | Found Rorikeyg's Magic Scroll Shoppe.
 61728 | Vaults:2 | Found a staircase to the Crypt.
 62159 | Vaults:2 | Reached skill level 11 in Shields
 62475 | Vaults:3 | Identified the +7 scimitar of Peril {vorpal, Str+3 Int-2
                  | SInv}
 62834 | Vaults:3 | Reached XP level 21. HP: 132/132 MP: 22/35
 62936 | Vaults:3 | Reached skill level 12 in Dodging
 62936 | Vaults:3 | Reached skill level 19 in Earth Magic
 63975 | Vaults:3 | Noticed Jory
 63981 | Vaults:3 | Killed Jory
 64119 | Vaults:3 | Reached skill level 15 in Fighting
 64450 | Vaults:3 | You are sucked into a shaft and drop 1 floor!
 64707 | Vaults:4 | Noticed Sojobo
 64714 | Vaults:4 | Killed Sojobo
 64715 | Vaults:4 | Reached skill level 1 in Evocations
 65083 | Vaults:4 | Reached skill level 2 in Evocations
 65700 | Vaults:4 | Acquired a +5 eveningstar of protection
 66445 | Vaults:3 | Found Zufovut's Magic Scroll Shoppe.
 66452 | Vaults:3 | Bought a scroll of teleportation for 63 gold pieces
 66452 | Vaults:3 | Bought a scroll of teleportation for 63 gold pieces
 66452 | Vaults:3 | Bought a scroll of teleportation for 63 gold pieces
 66884 | Vaults:4 | Reached skill level 12 in Shields
 66887 | Vaults:4 | Reached skill level 20 in Earth Magic
 67349 | Vaults:4 | Noticed Margery
 67354 | Vaults:4 | Reached skill level 3 in Evocations
 67788 | Vaults:4 | Killed Margery
 68107 | Vaults:4 | Found Wioggu's Jewellery Emporium.
 68873 | Depths:1 | Entered Level 1 of the Depths
 68961 | D:15     | Reached XP level 22. HP: 133/140 MP: 32/36
 69222 | Depths:1 | Noticed Boris
 69227 | Depths:1 | Killed Boris
 69334 | Depths:1 | Reached skill level 4 in Evocations
 69552 | Depths:1 | Found a gateway to Hell.
 70073 | Depths:1 | Found a white marble altar of Elyvilon.
 71401 | Depths:2 | Reached skill level 5 in Evocations
 71569 | Depths:2 | You are sucked into a shaft and drop 2 floors!
 71569 | Depths:4 | Noticed a golden dragon
 71571 | Depths:4 | Killed a golden dragon
 71572 | Depths:4 | Reached skill level 16 in Fighting
 71877 | Depths:4 | Reached skill level 13 in Dodging
 71877 | Depths:4 | Reached skill level 21 in Earth Magic
 72135 | Depths:4 | Found a one-way gate to the infinite horrors of the Abyss.
 72320 | Depths:4 | Noticed a golden dragon
 72323 | Depths:4 | Killed a golden dragon
 72324 | Depths:4 | Reached skill level 13 in Shields
 72328 | Depths:4 | Found a flickering gateway to a bazaar.
 72747 | Depths:4 | Noticed a golden dragon
 73002 | Depths:4 | Identified the +4 chain mail of Ashenzari's Reproof {Regen+
                  | rCorr Int-5 Stlth+}
 73026 | Depths:4 | Found a burning altar of Makhleb.
 73036 | Depths:4 | Reached skill level 6 in Evocations
 73042 | Depths:4 | Found an ancient bone altar of Kikubaaqudgha.
 73050 | Depths:4 | Noticed a caustic shrike
 73054 | Depths:4 | Killed a caustic shrike
 73057 | Depths:4 | Reached XP level 23. HP: 81/147 MP: 7/37
 73339 | Depths:4 | Noticed a juggernaut
 73346 | Depths:4 | Killed a juggernaut
 73599 | Depths:4 | Noticed a golden dragon
 73604 | Depths:4 | Killed a golden dragon
 73706 | Depths:4 | Noticed a caustic shrike
 73706 | Depths:4 | Noticed a juggernaut
 73710 | Depths:4 | Killed a caustic shrike
 73716 | Depths:4 | Killed a juggernaut
 73812 | Depths:4 | Noticed a caustic shrike
 73815 | Depths:4 | Killed a caustic shrike
 73840 | Depths:4 | Identified the +6 morningstar "Xawoem" {flame, +Rage}
 74525 | Depths:4 | Reached skill level 22 in Earth Magic
 74670 | Depths:4 | Killed a golden dragon
 74671 | Depths:4 | Reached skill level 7 in Evocations
 74840 | Depths:4 | Found a hide-covered altar of Uskayaw.
 74997 | Depths:4 | Found a glowing silver altar of Zin.
 75048 | Depths:4 | Noticed a golden dragon
 75060 | Depths:4 | Killed a golden dragon
 75061 | Depths:4 | Reached skill level 14 in Shields
 76265 | Depths:4 | HP: 8/148 [spriggan defender (11)]
 76823 | Depths:3 | Noticed a juggernaut
 76828 | Depths:3 | Killed a juggernaut
 76829 | Depths:3 | Reached skill level 17 in Fighting
 76974 | Depths:3 | Reached XP level 24. HP: 155/156 MP: 11/37
 77206 | Depths:3 | Noticed a caustic shrike
 77213 | Depths:3 | Killed a caustic shrike
 77566 | Depths:4 | Reached skill level 8 in Evocations
 77706 | Depths:3 | Reached skill level 10 in Fire Magic
 77879 | Depths:3 | Reached skill level 15 in Shields
 77897 | Depths:3 | Paralysed by a floating eye for 4 turns
 78011 | Depths:3 | Paralysed by a floating eye for 2 turns
 78158 | Depths:3 | Found an opulent altar of Gozag.
 78720 | Depths:2 | Noticed Boris
 78725 | Depths:2 | Killed Boris
 78726 | Depths:2 | Reached skill level 14 in Dodging
 79149 | Depths:2 | Reached skill level 23 in Earth Magic
 79415 | Depths:2 | Found Foicsopt's Jewellery Shoppe.
 79443 | Depths:2 | Found Qaithaor's Book Boutique.
 79444 | Depths:2 | Found Fuot's Jewellery Shoppe.
 79454 | Depths:2 | Bought the ring "Miskiofi" {Will+ SInv Stlth+} for 390 gold
                  | pieces
 79619 | Depths:3 | Found Jacy's Assorted Antiques.
 79860 | Depths:3 | Found a gateway to a ziggurat.
 80204 | Depths:3 | Got the Papyrus of the Oath
 80495 | Depths:5 | Entered Level 5 of the Depths
 80991 | Depths:5 | Reached skill level 9 in Evocations
 81202 | Depths:5 | Reached XP level 25. HP: 132/162 MP: 2/37
 81556 | Depths:5 | Found Ankaubru's Antique Armour Shop.
 81565 | Depths:5 | Bought a heavily runed ring mail for 243 gold pieces
 81565 | Depths:5 | Identified the +4 ring mail "Rineaq" {Harm Str+6 Int+4}
                  | (You bought it in a shop on level 5 of the Depths)
 81997 | Depths:5 | Found a gate to the Realm of Zot.
 82466 | Elf:3    | Entered Level 3 of the Elven Halls
 82508 | Elf:3    | Reached skill level 18 in Fighting
 82510 | Elf:3    | Reached skill level 24 in Earth Magic
 82511 | Elf:3    | Reached skill level 16 in Conjurations
 82513 | Elf:3    | Identified the ring "Ehugrex" {Ice rElec rPois Dex+2}
 83046 | Elf:3    | Identified the +4 crystal plate armour of Complete
                  | Protection {rN+ Dex+3 Stlth+}
 83143 | Elf:3    | Found a runed translucent gate.
 83145 | Elf:3    | Found a runed translucent gate.
 83145 | Elf:3    | Found a runed translucent gate.
 83146 | Elf:3    | Noticed Sapher's ghost (adept HuEE)
 83246 | Elf:3    | Found Xothem's Magic Scroll Shop.
 83406 | Elf:3    | Identified the amulet "Oce Den" {RegenMP rC+ Will+ Int+2
                  | Dex-2}
 83425 | Elf:3    | Identified the +8 rapier of Kolorof {antimagic, rPois
                  | Str+7}
 83426 | Elf:3    | Identified the +0 ring mail of the Gloaming {rC++ Dex+3
                  | Stlth+}
 83434 | Elf:3    | Identified the +2 pair of boots of Impermeability {Will+}
 83977 | Vaults:5 | Entered Level 5 of the Vaults
 83980 | Vaults:5 | Reached skill level 1 in Staves
 83986 | Vaults:5 | Reached skill level 10 in Evocations
 83987 | Vaults:5 | Noticed a dread lich
 83988 | Vaults:5 | Killed a dread lich
 83989 | Vaults:5 | Reached skill level 2 in Staves
 84009 | Vaults:5 | Noticed an ancient lich
 84010 | Vaults:5 | Reached XP level 26. HP: 159/169 MP: 37/37
 84011 | Vaults:5 | Noticed an ancient lich
 84012 | Vaults:5 | Reached skill level 3 in Staves
 84012 | Vaults:5 | Killed an ancient lich
 84013 | Vaults:5 | Reached skill level 11 in Fire Magic
 84013 | Vaults:5 | Killed an ancient lich
 84452 | Vaults:5 | Identified the ring of Udiovicw {Drain rPois rF+ Str+2
                  | Int+5}
 84464 | Vaults:5 | Identified the +4 hand crossbow "Livennud" {venom, rC- rN+
                  | Will+ Stlth+}
 84547 | Vaults:5 | Found Renotug's Antique Armour Emporium.
 84554 | Vaults:5 | Bought the +3 crown of Dyrovepreva {rElec Int+2 SInv} for
                  | 1035 gold pieces
 84554 | Vaults:5 | Found the +3 crown of Dyrovepreva {rElec Int+2 SInv}
 84605 | Vaults:5 | Reached skill level 4 in Staves
 84827 | Vaults:5 | Got a silver rune of Zot
 84861 | Vaults:5 | Got the Reference Book on Evil Arts
 85237 | Vaults:5 | Reached skill level 15 in Dodging
 85237 | Vaults:5 | Reached skill level 11 in Spellcasting
 85523 | Crypt:1  | Entered Level 1 of the Crypt
 85704 | Crypt:1  | Noticed a curse skull
 85708 | Crypt:1  | Killed a curse skull
 85723 | Crypt:1  | Noticed a curse skull
 85727 | Crypt:1  | Killed a curse skull
 86958 | Crypt:2  | Reached skill level 12 in Fire Magic
 87650 | Crypt:2  | Reached skill level 5 in Staves
 88169 | Crypt:3  | Entered Level 3 of the Crypt
 88490 | Crypt:3  | Noticed an ancient lich
 88491 | Crypt:3  | Killed an ancient lich
 88492 | Crypt:3  | Reached skill level 11 in Evocations
 88492 | Crypt:3  | Reached XP level 27. HP: 176/176 MP: 28/38
 88685 | Crypt:3  | Reached skill level 17 in Conjurations
 88863 | Crypt:3  | Noticed Boris
 88872 | Crypt:3  | Killed Boris
 89061 | Crypt:3  | Found an ancient bone altar of Kikubaaqudgha.
 89161 | Crypt:3  | Found a staircase to the Tomb.
 89332 | Crypt:3  | Reached skill level 6 in Staves
 89773 | Crypt:2  | Noticed Frederick
 89777 | Crypt:2  | Killed Frederick
 90514 | Slime:1  | Entered Level 1 of the Pits of Slime
 90522 | Slime:1  | Gained mutation: Your body sometimes deteriorates upon
                  | taking damage. [a shining eye]
 90523 | Slime:1  | Gained mutation: Your magical capacity is low. (-10% MP) [a
                  | shining eye]
 90527 | Slime:1  | Reached skill level 19 in Fighting
 90528 | Slime:1  | Reached skill level 13 in Fire Magic
 90902 | Hell     | Entered the Vestibule of Hell
 90902 | Hell     | Noticed Geryon
 91555 | Hell     | Killed Geryon
 91556 | Hell     | Reached skill level 12 in Spellcasting
 91662 | Hell     | Found a gateway to the ashen valley of Gehenna.
 91821 | Hell     | Reached skill level 25 in Earth Magic
 91967 | Hell     | Found a gateway to the Iron City of Dis.
 92137 | Hell     | Found a gateway to the freezing wastes of Cocytus.
 92236 | Hell     | Found a gateway to the decaying netherworld of Tartarus.
 93189 | Slime:1  | Reached skill level 11 in Maces & Flails
 93766 | Slime:2  | Reached skill level 14 in Fire Magic
 94246 | Slime:3  | Gained mutation: You tend to lose your temper in combat. [a
                  | shining eye]
 95244 | Depths:1 | Lost mutation: Your body sometimes deteriorates upon taking
                  | damage. [potion of mutation]
 95244 | Depths:1 | Lost mutation: Your magical capacity is low. (-10% MP)
                  | [potion of mutation]
 95244 | Depths:1 | Lost mutation: You tend to lose your temper in combat.
                  | [potion of mutation]
 95244 | Depths:1 | Gained mutation: Your movements are slightly less
                  | encumbered by armour. (ER -2) [potion of mutation]
 95244 | Depths:1 | Gained mutation: Your movements are less encumbered by
                  | armour. (ER -4) [potion of mutation]
 95587 | Slime:4  | Reached skill level 12 in Evocations
 96093 | Slime:5  | Entered Level 5 of the Pits of Slime
 96187 | Slime:5  | Noticed the Royal Jelly
 96193 | Slime:5  | Killed the Royal Jelly
 96841 | Slime:5  | Found the +10 dark maul {vorpal}
 96845 | Slime:5  | Found the +8 lance "Wyrmbane" {slay drac, rPois rF+ rC+
                  | AC+3}
 96846 | Slime:5  | Got the Guide on Darkness
 96848 | Slime:5  | Identified the amulet of Gurej {Faith Harm Int+3}
 96892 | Slime:5  | Learned a level 9 spell: Fire Storm
 96898 | Slime:5  | Identified the +6 dagger of Neutoo {vorpal, Fragile rF+
                  | rCorr Dex+3}
 96900 | Slime:5  | Identified the +12 dagger "Hivvur" {flame, Fly Will+}
 96908 | Slime:5  | Identified the ring "Pyileogyi" {rElec rC+ Str+3}
 96937 | Slime:5  | Got a slimy rune of Zot
 96977 | Slime:5  | Identified the quicksilver dragon scales "Racwoeloujo"
                  | {Contam Will+ Str+3 Slay+3 Stlth+}
 97992 | Geh:1    | Entered Level 1 of Gehenna
 98340 | Geh:1    | Reached skill level 18 in Conjurations
 98380 | Geh:1    | Reached skill level 15 in Fire Magic
 98443 | Geh:1    | Reached skill level 16 in Dodging
 99345 | Geh:2    | Reached skill level 13 in Spellcasting
100226 | Geh:3    | Reached skill level 20 in Fighting
101110 | Geh:4    | Reached skill level 16 in Fire Magic
101809 | Geh:5    | Reached skill level 13 in Evocations
103165 | Geh:6    | Found a huge runed gate.
103165 | Geh:6    | Found a huge runed gate.
103170 | Geh:6    | Found a huge runed gate.
103170 | Geh:6    | Found a huge runed gate.
103171 | Geh:6    | Found a huge runed gate.
103171 | Geh:6    | Found a huge runed gate.
103171 | Geh:6    | Found a huge runed gate.
103171 | Geh:6    | Found a huge runed gate.
103171 | Geh:6    | Found a huge runed gate.
103173 | Geh:6    | Noticed an ancient lich
103173 | Geh:6    | Noticed a dread lich
103173 | Geh:6    | Noticed a dread lich
104057 | Geh:6    | Killed a dread lich
104057 | Geh:6    | Killed an ancient lich
104058 | Geh:6    | Reached skill level 26 in Earth Magic
104058 | Geh:6    | Killed a dread lich
104059 | Geh:6    | Reached skill level 17 in Fire Magic
104060 | Geh:6    | Reached skill level 19 in Conjurations
105478 | Geh:7    | Entered Level 7 of Gehenna
105504 | Geh:7    | Reached skill level 14 in Spellcasting
105643 | Geh:7    | Killed from afar by a Brimstone Fiend

Vanquished Creatures
  3 dread liches
  4 ancient liches
  Sojobo (Vaults:4)
  Boris (thrice) (Vaults:2 Depths:2 Crypt:3)
  4 golden dragons
  Frederick (Crypt:2)
  Jory (Vaults:3)
  3 caustic shrikes
  2 bone dragons
  22 Brimstone Fiends
  3 Hell Sentinels (Geh:6)
  A tentacled monstrosity (Depths:4)
  Jorgrun (D:15)
  3 titans
  3 deep elf blademasters (Elf:3)
  A deep elf master archer (Elf:3)
  9 liches
  The ghost of Efeterghoju the Thaumaturge, an adept GnCj of Okawaru (Snake:2)
  4 ancient champions (Hell)
  18 acid blobs
  3 sphinxes
  2 thorn hunters
  10 tengu reavers
  3 shadow dragons
  A storm dragon (Vaults:5)
  The ghost of Coutef the Phalangite, an adept MfGl of Ru (Snake:2)
  Roxanne (Swamp:2)
  11 rockslimes
  4 nagarajas (Snake:4)
  5 deep elf sorcerers
  11 azure jellies
  12 fire giants
  5 frost giants
  4 iron dragons
  10 balrugs
  6 vault wardens
  An orc warlord (Orc:2)
  2 curse skulls (Crypt:1)
  10 ironbound preservers
  A cacodemon (Hell)
  7 ghouls
  9 deep elf elementalists (Elf:3)
  6 war gargoyles
  14 reapers
  13 quicksilver oozes
  22 very ugly things
  2 spriggan defenders (Depths:4)
  11 vampire knights
  A juggernaut skeleton (Crypt:1)
  9 deep elf annihilators
  2 deep elf demonologists (Elf:3)
  2 lorocyprocas (Hell)
  14 stone giants
  5 spark wasps
  2 black draconians (Depths:5)
  3 bunyips
  2 dire elephants
  A minotaur (Gauntlet)
  3 eleionomae
  5 deep elf death magi
  An eidolon (Crypt:2)
  A halazid warlock (Desolation)
  5 crystal guardians
  14 ettins
  7 jiangshi
  A green death (Hell)
  2 blizzard demons (Depths:1)
  5 fire dragons
  8 great orbs of eyes
  12 yaktaur captains
  3 quicksilver dragon zombies
  7 ice dragons
  12 deep elf high priests
  3 naga warriors
  32 vault guards
  A quicksilver dragon skeleton (Geh:6)
  2 ragged hierophants (Desolation)
  A rakshasa (D:15)
  3 hell beasts
  3 boulder beetles
  6 ironbound thunderhulks
  7 peacekeepers
  13 hydras
  A ghost crab (Swamp:3)
  A monstrous demonspawn (Depths:5)
  5 ironbound frosthearts
  A merfolk avatar (Lair:6)
  6 centaur warriors
  2 salamander tyrants
  4 anacondas
  2 spriggan air magi
  6 two-headed ogres
  3 death knights
  6 dancing weapons
  9 death yaks
  8 deep troll shamans
  6 tengu warriors
  3 alligators
  29 hell hogs
  8 orc high priests
  8 spriggan berserkers
  7 naga sharpshooters
  5 vampire magi
  2 ironbound beastmasters
  6 deep troll earth magi
  3 titan zombies
  74 hell knights
  12 spriggans
  5 storm dragon zombies
  3 shock serpents
  23 sun demons
  6 deep elf knights
  7 soul eaters
  An iron golem (Geh:5)
  4 titan skeletons
  4 golden dragon zombies
  4 salamander mystics
  A sea snake (shapeshifter) (D:12)
  5 storm dragon skeletons
  2 sixfirhies
  A ghost moth zombie (Geh:6)
  28 deep trolls
  2 shadow wraiths
  A spriggan druid (Swamp:1)
  17 skeletal warriors
  15 nameless horrors
  A goliath frog (Swamp:4)
  7 swamp dragons
  9 iron trolls
  An entropy weaver zombie (Crypt:2)
  A gelid demonspawn (Orc:2)
  2 infernal demonspawn
  12 bog bodies
  10 flayed ghosts
  10 glowing orange brains
  5 large abominations (Depths:3)
  2 anaconda zombies
  6 deep elf archers
  4 orc knights
  Pikel (D:6)
  2 golden dragon skeletons
  A deep troll (shapeshifter) (Elf:3)
  4 anaconda skeletons
  3 stone giant zombies
  6 ironbound convokers
  A harpy (Lair:6)
  A lindwurm (Lair:6)
  5 wizards
  12 phantasmal warriors
  20 necromancers
  7 deep elf pyromancers
  3 fire giant zombies
  11 deep elf zephyrmancers
  3 mana vipers
  A wolf spider zombie (Geh:4)
  3 frost giant zombies
  2 iron dragon zombies
  6 cyclopes
  8 ugly things
  2 shadow dragon skeletons (Geh:2)
  6 shining eyes
  2 iron dragon skeletons
  8 salamanders
  7 orc sorcerers
  5 manticores
  2 will-o-the-wisps (Swamp:3)
  16 elephants
  4 frost giant skeletons
  10 rust devils
  6 stone giant skeletons
  A shock serpent zombie (Geh:1)
  11 vault sentinels
  2 dire elephant zombies
  2 eyes of devastation (Slime:5)
  2 ice statues (Hell)
  7 naga magi
  A gargoyle (D:12)
  18 black mambas
  2 guardian serpents
  2 spriggan zombies
  3 torpor snails
  3 fire giant skeletons
  A catoblepas zombie (Geh:3)
  2 shock serpent skeletons
  9 cane toads
  14 molten gargoyles
  21 hellions
  2 orange demons (Depths:3)
  3 dire elephant skeletons
  16 smoke demons
  An unseen horror (D:12)
  8 rime drakes
  2 emperor scorpion zombies
  26 yaktaurs
  4 kobold demonologists
  3 tengu conjurers
  11 tormentors
  6 freezing wraiths
  7 efreet
  2 minotaur skeletons
  An anaconda simulacrum (Hell)
  16 komodo dragons
  10 trolls
  A sea snake zombie (Hell)
  A catoblepas skeleton (Geh:3)
  A harpy zombie (Geh:6)
  A hydra zombie (Crypt:1)
  2 sea snake skeletons (Hell)
  29 red devils
  3 tyrant leeches
  2 bloated husks
  A red draconian skeleton (Crypt:2)
  4 polar bears
  3 meliai (D:15)
  Grinder (D:3)
  2 harpy skeletons
  4 hydra skeletons
  A jumping spider (shapeshifter) (Vaults:5)
  A wind drake (Lair:6)
  17 hornets
  20 blink frogs
  13 saltlings (Desolation)
  5 ettin zombies
  2 fire dragon zombies
  88 slime creatures
  14 dream sheep
  3 ice dragon zombies
  2 alligator zombies
  An air elemental (Elf:2)
  3 alligator skeletons
  5 ice dragon skeletons
  19 shadows
  21 wraiths
  4 basilisks
  4 fire dragon skeletons
  4 redbacks (Vaults:5)
  Eustachio (D:4)
  Grum (D:8)
  2 black mamba zombies
  5 ettin skeletons
  42 yaks
  78 flying skulls
  3 water elementals
  4 vampires
  6 wyverns
  2 ynoxinuls
  A black mamba skeleton (Crypt:3)
  8 fire bats
  4 golden eyes (Slime:3)
  A neqoxec (Depths:3)
  2 steam dragons
  36 fire elementals
  An emperor scorpion simulacrum (Crypt:1)
  8 vampire mosquitoes
  A chaos spawn (Depths:3)
  An infernal demonspawn zombie (Crypt:2)
  15 swamp worms
  21 nagas
  5 wargs
  4 cane toad zombies
  2 hydra simulacra (Hell)
  73 hell hounds
  2 acid dragons
  A merfolk skeleton (Geh:3)
  3 floating eyes
  18 water moccasins
  2 cane toad skeletons
  7 small abominations (Depths:3)
  A manticore zombie (Geh:7)
  30 orc warriors
  2 snapping turtle zombies
  2 sky beasts (D:6)
  An ice beast (D:7)
  A black bear (D:7)
  7 swamp drakes
  An alligator simulacrum (Hell)
  A swamp dragon zombie (Crypt:3)
  8 ogres
  10 necrophages
  18 wolves
  9 centaurs
  A lemure (D:6)
  A manticore skeleton (Geh:5)
  6 snapping turtle skeletons
  5 phantoms
  3 kobold brigands
  11 bullfrogs
  A wyvern zombie (D:9)
  10 gnoll sergeants
  An earth elemental (Elf:1)
  3 scorpions
  A troll zombie (Geh:2)
  A swamp dragon simulacrum (Crypt:1)
  11 killer bees
  5 howler monkeys
  55 wights
  3 crimson imps
  5 centaur zombies
  A human zombie (Geh:2)
  3 jellies
  A bullfrog zombie (D:6)
  4 hounds
  7 gnoll shamans
  31 orc priests
  Crazy Yiuf (D:4)
  A black bear skeleton (Crypt:1)
  2 bullfrog skeletons
  3 centaur skeletons
  2 human skeletons
  4 iguanas
  Natasha (thrice) (D:4)
  27 orc wizards
  19 hell rats
  Terence (D:3)
  An ogre zombie (Crypt:2)
  A hound zombie (D:5)
  7 adders
  28 gnolls
  A shadow imp (D:5)
  2 worms (D:3)
  A dart slug (D:4)
  93 orcs
  9 bats
  7 endoplasms
  2 giant cockroaches (D:2)
  6 hobgoblins
  11 jackals
  23 kobolds
  3 quokkas
  4 ball pythons
  A dart slug zombie (Crypt:2)
  3 frilled lizards
  7 goblins
  2 orc skeletons
  An orc zombie (Geh:1)
  A quokka skeleton (D:2)
  A quokka zombie (Crypt:1)
  4 rats
  A pillar of salt (Elf:1)
2462 creatures vanquished.

Vanquished Creatures (collateral kills)
  the Royal Jelly (Slime:5)
  Mara (Vaults:2)
  3 juggernauts
  Margery (Vaults:4)
  Boris (Depths:1)
  Vashnia (Snake:2)
  Geryon (Hell)
  A caustic shrike (Depths:4)
  5 golden dragons
  Nikola (Snake:4)
  9 Brimstone Fiends
  Rupert (Lair:5)
  A deep elf blademaster (Elf:3)
  A lich (Crypt:3)
  A quicksilver dragon (Depths:4)
  A titan (Depths:4)
  4 sphinxes
  An ancient champion (Crypt:2)
  4 acid blobs
  5 tengu reavers
  A thorn hunter (Swamp:3)
  Donald (Swamp:2)
  3 nagarajas
  A storm dragon (Depths:4)
  An azure jelly (Slime:4)
  4 shadow dragons
  A revenant (Crypt:2)
  5 frost giants
  A draconian knight (Depths:5)
  Aizul (Snake:1)
  4 rockslimes
  4 fire giants
  An orc warlord (Vaults:4)
  A deep elf sorcerer (Elf:2)
  12 vault wardens
  3 imperial myrmidons (Desolation)
  7 balrugs
  A draconian stormcaller (Depths:5)
  Louise (Snake:4)
  10 ironbound preservers
  A ghoul (Crypt:1)
  A quicksilver ooze (Slime:4)
  12 very ugly things
  12 stone giants
  A reaper (Geh:5)
  2 deep elf demonologists (Elf:2)
  A war gargoyle (Vaults:3)
  A green draconian (Depths:5)
  3 dire elephants (Vaults:2)
  A halazid warlock (Desolation)
  3 bunyips
  3 spark wasps
  An eidolon (Crypt:1)
  A green death (Depths:5)
  3 ettins
  An eleionoma (Swamp:2)
  2 yaktaur captains (Vaults:3)
  2 crystal guardians
  2 jiangshi (Crypt:1)
  7 fire dragons
  A deep elf high priest (Vaults:5)
  A shambling mangrove (Swamp:2)
  A blizzard demon (Depths:1)
  2 deep elf death magi
  4 ironbound thunderhulks
  5 great orbs of eyes
  5 ragged hierophants (Desolation)
  10 ice dragons
  2 salamander tyrants (Snake:4)
  2 rakshasas (Depths:1)
  4 vault guards (Vaults:4)
  3 servants of whispers (Desolation)
  A quicksilver dragon skeleton (Geh:7)
  16 naga warriors
  6 hydras
  5 peacekeepers
  2 boulder beetles
  A ghost crab (Swamp:1)
  The ghost of Jisim the Cutter, a journeyman HuGl of Ashenzari (Orc:1)
  3 ironbound frosthearts
  4 anacondas
  6 centaur warriors
  2 spriggan air magi
  A fenstrider witch skeleton (Crypt:1)
  4 deep troll shamans
  A catoblepas (D:15)
  10 dancing weapons
  7 tengu warriors
  3 death yaks (Lair:5)
  2 two-headed ogres
  6 deep troll earth magi
  3 shock serpents
  3 ironbound beastmasters
  8 naga sharpshooters
  5 spriggan berserkers
  8 deep elf knights
  5 hell knights
  2 soul eaters
  2 sun demons
  2 sixfirhies (Depths:4)
  6 iron trolls
  2 salamander mystics (Snake:4)
  2 golden dragon zombies
  The ghost of Tempus the Frost Mage, a novice BaIE of Sif Muna (D:8)
  A goliath frog (Swamp:3)
  9 skeletal warriors
  37 deep trolls
  A ghost moth zombie (Crypt:2)
  5 naga ritualists
  2 wizards
  2 infernal demonspawn
  A glowing orange brain (Depths:3)
  A lindwurm (Vaults:1)
  9 swamp dragons
  2 phantasmal warriors
  A bog body (Swamp:4)
  A wolf spider zombie (Crypt:1)
  A shadow dragon zombie (Crypt:1)
  A sphinx zombie (Depths:3)
  12 deep elf archers
  8 ironbound convokers
  3 mana vipers
  An oklob plant (Gauntlet)
  A mana viper (shapeshifter) (Vaults:5)
  18 ugly things
  4 necromancers
  16 deep elf zephyrmancers
  5 orc knights
  A stone giant zombie (Geh:4)
  A fire giant zombie (Geh:4)
  An iron dragon zombie (Depths:3)
  8 deep elf pyromancers
  A moth of wrath (shapeshifter) (Elf:2)
  3 cyclopes
  6 will-o-the-wisps
  A manticore (D:15)
  A shining eye (Slime:1)
  2 orc sorcerers (Orc:2)
  A fire giant skeleton (Crypt:3)
  An iron dragon skeleton (Geh:1)
  14 black mambas
  5 guardian serpents
  6 salamanders
  8 naga magi
  9 vault sentinels
  An orange demon (Depths:4)
  A dire elephant zombie (Geh:1)
  A rime drake (shapeshifter) (Elf:1)
  2 hellions
  18 yaktaurs
  3 freezing wraiths
  A hellwing (Orc:2)
  2 tengu conjurers
  A purple draconian zombie (Crypt:2)
  An elf skeleton (Depths:3)
  4 red devils
  6 hornets
  A tyrant leech (Swamp:3)
  2 trolls
  28 slime creatures
  A hydra skeleton (Hell)
  41 saltlings (Desolation)
  An ice dragon zombie (Geh:1)
  16 flying skulls
  A ynoxinul (Depths:4)
  2 wraiths
  6 spriggans
  3 yaks (Lair:6)
  An ettin skeleton (Crypt:1)
  4 fire elementals
  A fire bat (Geh:6)
  4 vampire mosquitoes
  18 nagas
  2 hell hounds
  4 swamp worms
  7 orc warriors (Orc:2)
  A hornet zombie (Crypt:2)
  A swamp drake (Swamp:4)
  An ogre (Orc:2)
  3 wolves (D:8)
  7 centaurs
  A gnoll sergeant (D:8)
  A gnoll shaman (D:8)
  3 hell rats (Lair:5)
  2 orc wizards (Orc:2)
  A dwarf skeleton (Crypt:1)
  A naga skeleton (Geh:1)
  A gnoll (D:8)
  4 orcs (Orc:2)
759 creatures vanquished.

Vanquished Creatures (others)
  An eleionoma (Swamp:4)
  A vampire mage (Depths:3)
  A deep elf knight (Elf:1)
  A titan skeleton (Geh:2)
  A golden dragon skeleton (Geh:7)
  A hornet (Depths:4)
  A fire dragon skeleton (Geh:7)
  A spriggan zombie (Geh:2)
  An orc (Orc:2)
  4 demonic plants (Gauntlet)
  24 foxfires
  53 fungi
  62 plants
  5 withered plants (Snake:2)
157 creatures vanquished.

Grand Total: 3378 creatures vanquished

Table legend: (Time is in decaauts)
 A = Elapsed time spent in this place.
 B = Non-inter-level travel time spent in this place.
 C = Inter-level travel time spent in this place.
 D = Time resting spent in this place.
 E = Time spent auto-exploring this place.
 F = Levels seen in this place.
 G = Mean time per level.
                   A        B        C        D        E       F      G
               +--------+--------+--------+--------+--------+-----+--------+
         Total | 105035 |  94409 |  10626 |  27069 |  50089 |  63 | 1667.2 |
       Dungeon |  24106 |  19647 |   4459 |   4292 |  12339 |  15 | 1607.1 |
          Lair |  11694 |  10274 |   1420 |   2943 |   5343 |   6 | 1949.0 |
         Swamp |   6364 |   5710 |    654 |   2556 |   2285 |   4 | 1591.0 |
     Snake Pit |   7518 |   6968 |    550 |   1761 |   4016 |   4 | 1879.5 |
    Slime Pits |   3822 |   3559 |    263 |    836 |   2065 |   5 |  764.4 |
  Orcish Mines |   3568 |   2941 |    627 |    657 |   1213 |   2 | 1784.0 |
   Elven Halls |   4562 |   4183 |    379 |   1087 |   2185 |   3 | 1520.7 |
        Vaults |  13549 |  12540 |   1009 |   3429 |   7063 |   5 | 2709.8 |
         Crypt |   4334 |   4151 |    183 |    491 |   2834 |   3 | 1444.7 |
        Depths |  14048 |  13220 |    828 |   6093 |   5054 |   5 | 2809.6 |
          Hell |    873 |    806 |     67 |     91 |    573 |   1 |  873.0 |
       Gehenna |   6471 |   6289 |    182 |    994 |   3795 |   7 |  924.4 |
        Bailey |   1225 |   1225 |      0 |    709 |    210 |   1 | 1225.0 |
    Desolation |   2109 |   2109 |      0 |    731 |    969 |   1 | 2109.0 |
      Gauntlet |    785 |    785 |      0 |    398 |    144 |   1 |  785.0 |
               +--------+--------+--------+--------+--------+-----+--------+

Top non-repeatable levels by time:
Depths:4: 6793 daAuts
Vaults:3: 3868 daAuts
Vaults:2: 3377 daAuts
Depths:1: 3056 daAuts
Vaults:4: 2727 daAuts
 Snake:4: 2640 daAuts
    D:12: 2575 daAuts
 Swamp:2: 2525 daAuts
   Orc:2: 2471 daAuts
 Snake:1: 2469 daAuts
     D:8: 2426 daAuts
  Lair:6: 2392 daAuts
  Lair:3: 2348 daAuts
Vaults:1: 2299 daAuts
     D:6: 2192 daAuts

Table legend:
 A = Non-vault XP
 B = Vault XP
 C = Vault XP percentage of total XP
 D = Non-vault monster count
 E = Vault monster count
 F = Vault count percentage of total count
                 A         B        C        D         E       F
            +---------+---------+-------+---------+---------+-------
      Total | 1021229 |  883363 |  46.4 |    2105 |    1084 |  34.0
            +---------+---------+-------+---------+---------+-------
        D:1 |      27 |       0 |   0.0 |      16 |       0 |   0.0
        D:2 |      78 |       0 |   0.0 |      32 |       0 |   0.0
        D:3 |      66 |     318 |  82.8 |       8 |       2 |  20.0
        D:4 |     618 |     284 |  31.5 |      22 |       3 |  12.0
        D:5 |     535 |       0 |   0.0 |      13 |       0 |   0.0
        D:6 |    1176 |     816 |  41.0 |      22 |       3 |  12.0
        D:7 |    1592 |       0 |   0.0 |      29 |       0 |   0.0
        D:8 |    2514 |    2004 |  44.4 |      20 |      17 |  45.9
        D:9 |    3509 |       0 |   0.0 |      17 |       0 |   0.0
       D:10 |    3291 |       0 |   0.0 |      28 |       0 |   0.0
       D:11 |    5258 |       0 |   0.0 |      19 |       0 |   0.0
       D:12 |    6974 |    8722 |  55.6 |      17 |      47 |  73.4
       D:13 |    7442 |    5126 |  40.8 |      15 |       8 |  34.8
       D:14 |    6603 |       0 |   0.0 |      22 |       0 |   0.0
       D:15 |   11610 |    7682 |  39.8 |      23 |       9 |  28.1
     Lair:1 |    5191 |       0 |   0.0 |      21 |       0 |   0.0
     Lair:2 |    5647 |     308 |   5.2 |      25 |       2 |   7.4
     Lair:3 |    9392 |    1878 |  16.7 |      33 |       4 |  10.8
     Lair:4 |    8420 |     904 |   9.7 |      22 |       1 |   4.3
     Lair:5 |    4861 |    7924 |  62.0 |      24 |      18 |  42.9
     Lair:6 |   17404 |    9273 |  34.8 |      61 |      24 |  28.2
    Swamp:1 |    9021 |       0 |   0.0 |      20 |       0 |   0.0
    Swamp:2 |   13065 |    3378 |  20.5 |      32 |       2 |   5.9
    Swamp:3 |   13798 |       0 |   0.0 |      29 |       0 |   0.0
    Swamp:4 |    7119 |   17048 |  70.5 |      15 |      31 |  67.4
    Snake:1 |   18784 |    3523 |  15.8 |      47 |       6 |  11.3
    Snake:2 |    8795 |   10126 |  53.5 |      23 |       8 |  25.8
    Snake:3 |    9294 |       0 |   0.0 |      19 |       0 |   0.0
    Snake:4 |   11215 |   30330 |  73.0 |      24 |      43 |  64.2
    Slime:1 |   28613 |       0 |   0.0 |      33 |       0 |   0.0
    Slime:2 |   27183 |       0 |   0.0 |      33 |       0 |   0.0
    Slime:3 |   12529 |       0 |   0.0 |      18 |       0 |   0.0
    Slime:4 |   20691 |    1232 |   5.6 |      25 |       5 |  16.7
    Slime:5 |    9979 |   30507 |  75.4 |      25 |      16 |  39.0
      Orc:1 |    5289 |    1892 |  26.3 |      57 |       5 |   8.1
      Orc:2 |    5003 |   14532 |  74.4 |      54 |      61 |  53.0
      Elf:1 |    9216 |    6579 |  41.7 |      20 |      14 |  41.2
      Elf:2 |   29363 |    1044 |   3.4 |      56 |       2 |   3.4
      Elf:3 |    6359 |   52991 |  89.3 |      11 |      36 |  76.6
   Vaults:1 |    9672 |   21224 |  68.7 |      19 |      37 |  66.1
   Vaults:2 |   23601 |   14606 |  38.2 |      35 |      13 |  27.1
   Vaults:3 |   22982 |   34319 |  59.9 |      44 |      47 |  51.6
   Vaults:4 |   33849 |   29443 |  46.5 |      47 |      32 |  40.5
   Vaults:5 |   12995 |  131029 |  91.0 |      26 |      84 |  76.4
    Crypt:1 |   26579 |    2807 |   9.6 |      47 |       4 |   7.8
    Crypt:2 |   23618 |   10373 |  30.5 |      32 |      10 |  23.8
    Crypt:3 |    5907 |   62828 |  91.4 |       1 |      92 |  98.9
   Depths:1 |   33308 |   21441 |  39.2 |      41 |      25 |  37.9
   Depths:2 |   36586 |    2184 |   5.6 |      33 |       2 |   5.7
   Depths:3 |   40572 |   36020 |  47.0 |      48 |      40 |  45.5
   Depths:4 |   48137 |  110161 |  69.6 |      62 |      72 |  53.7
   Depths:5 |   33996 |   20587 |  37.7 |      36 |      14 |  28.0
       Hell |   26779 |   46626 |  63.5 |      48 |      61 |  56.0
      Geh:1 |   42728 |       0 |   0.0 |      71 |       0 |   0.0
      Geh:2 |   52440 |       0 |   0.0 |     120 |       0 |   0.0
      Geh:3 |   43060 |       0 |   0.0 |      84 |       0 |   0.0
      Geh:4 |   30734 |       0 |   0.0 |      69 |       0 |   0.0
      Geh:5 |   37614 |       0 |   0.0 |      56 |       0 |   0.0
      Geh:6 |   75953 |   48750 |  39.1 |     123 |      16 |  11.5
      Geh:7 |   12595 |   37358 |  74.8 |      33 |      49 |  59.8
     Bailey |       0 |    1224 | 100.0 |       0 |      30 | 100.0
 Desolation |       0 |   32306 | 100.0 |       0 |      85 | 100.0
   Gauntlet |       0 |    1656 | 100.0 |       0 |       4 | 100.0
            +---------+---------+-------+---------+---------+-------
